 Dungeon Crawl Stone Soup version 0.18.1-48-g4cf74bf (webtiles) character file.

73 Peloso the Covered (level 4, -1/40 HPs)
             Began as a Minotaur Fighter on July 17, 2016.
             Slain by a crimson imp (2 damage)
             ... summoned by Natasha
             ... on level 2 of the Dungeon.
             The game lasted 00:03:19 (1807 turns).

Peloso the Covered (Minotaur Fighter)               Turns: 1807, Time: 00:03:19

Health: -1/40      AC:  0    Str: 20    XL:     4   Next: 8%
Magic:  3/3        EV:  9    Int:  5    God:
Gold:   29         SH:  9    Dex: 11    Spells: 0 memorised, 3 levels left

rFire  . . .     SeeInvis .     a - +0 long sword
rCold  . . .     Gourm    .     (no armour)
rNeg   . . .     Faith    .     c - +0 shield
rPois  .         Spirit   .     (helmet restricted)
rElec  .         Dismiss  .     (no cloak)
rCorr  .         Reflect  .     (no gloves)
SustAt .         Harm     .     (no boots)
MR     .....                    (no amulet)
Stlth  +.........               (no ring)
                                (no ring)

@: slowed, very slow, not resistant to hostile enchantments, very unstealthy
A: retaliatory headbutt, horns 2
a: no special abilities


You were on level 2 of the Dungeon.
You were hungry.

You visited 1 branch of the dungeon, and saw 2 of its levels.

You collected 29 gold pieces.

Inventory:

Hand Weapons
 a - a +0 long sword (weapon)
Armour
 b - a +0 scale mail
 c - a +0 shield (worn)
 o - a +0 plate armour
Scrolls
 e - a scroll of recharging {unknown}
 h - a scroll of magic mapping {unknown}
 k - a scroll of immolation {unknown}
 n - a scroll of identify {unknown}
Potions
 d - a potion of might
 g - a potion of berserk rage {unknown}
 i - a potion of heal wounds {unknown}
 j - a potion of mutation {unknown}
 l - a potion of lignification {unknown}
Comestibles
 f - a bread ration
 m - a meat ration


   Skills:
 + Level 4.2 Fighting
 + Level 2.8 Long Blades
 + Level 4.5 Armour
 + Level 0.9 Dodging
 + Level 4.4 Shields


You had 3 spell levels left.
You didn't know any spells.

Dungeon Overview and Level Annotations

Branches:
Dungeon (2/15)

Altars:
Ashenzari

Annotations:
D:2 Natasha


Innate Abilities, Weirdness & Mutations

You reflexively headbutt those who attack you in melee.
You have a pair of horns on your head.


Message History

You block the bat's attack. You block Natasha's attack. The ooze hits you.
The crimson imp barely misses you.
Natasha casts a spell.
The ooze hits you.
Unknown command.
You miss Natasha.
Natasha is heavily wounded.
You block the bat's attack. The crimson imp hits you. Natasha claws you.
* * * LOW HITPOINT WARNING * * *
You block the ooze's attack. The crimson imp closely misses you.
You furiously retaliate!
You headbutt the crimson imp. The crimson imp barely misses you.
You furiously retaliate!
You headbutt the crimson imp! Natasha claws you.
* * * LOW HITPOINT WARNING * * *
The ooze hits you.
* * * LOW HITPOINT WARNING * * *
You closely miss Natasha.
Natasha is heavily wounded.
You block the bat's attack.
The crimson imp blinks!
The crimson imp hits you.
You die...

#.#...#......#
#.#...+........
#.#...#.........
#.#[.>..........
#.##...........
#.#####........
#..(.†'...b....
######'5.......
#..@...#..
#.hJ5#.# #....#
# #....# #....#
#....# #....#
#....#


You could see Natasha, 2 crimson imps, an ooze and a bat.

Vanquished Creatures
  A gnoll (D:1)
  4 adders (D:2)
  A dart slug (D:2)
  2 giant cockroaches
  4 goblins
  2 ball pythons (D:1)
  5 bats
  A giant newt (D:1)
  5 kobolds (D:1)
  4 rats
29 creatures vanquished.

Notes
Turn   | Place    | Note
--------------------------------------------------------------
     0 | D:1      | Peloso the Minotaur Fighter began the quest for the Orb.
     0 | D:1      | Reached XP level 1. HP: 19/19 MP: 0/0
   152 | D:1      | Reached XP level 2. HP: 7/27 MP: 1/1
  1176 | D:2      | Reached XP level 3. HP: 30/33 MP: 2/2
  1185 | D:2      | Found a shattered altar of Ashenzari.
  1436 | D:2      | Reached XP level 4. HP: 7/40 MP: 3/3
  1793 | D:2      | Noticed Natasha
  1806 | D:2      | HP: 1/40 [ooze (5)]
  1807 | D:2      | Slain by a crimson imp

Skill      XL: |  1  2 |
---------------+-------+-----
Armour         | 4 |  4.5
Shields        | 4 |  4.4
Fighting       | 4 |  4.2
Long Blades    | |  2.8
Dodging        | |  0.9

Action                   |  1- 3 |  4- 6 || total
-------------------------+-------+-------++-------
Melee: Long sword        |    78 |    12 ||    90
       Headbutt          |     8 |     1 ||     9
  Eat: Chunk             |     2 |       ||     2
Armor: Scale mail        |    34 |       ||    34
Dodge: Dodged            |    29 |     6 ||    35
Block: Shield            |    51 |    13 ||    64
